 Dungeon Crawl Stone Soup version 0.28-a0-1435-g82390b3a13 (webtiles) character file.

Game seed: 2929337716995989355

34 oldriver the Skirmisher (level 3, -1/29 HPs)
             Began as a Demonspawn Chaos Knight on Jan 9, 2022.
             Was a Plaything of Xom.
             Slain by a worm (13 damage)
             ... on level 2 of the Dungeon.
             The game lasted 00:02:24 (1023 turns).

oldriver the Skirmisher (Demonspawn Chaos Knight)   Turns: 1023, Time: 00:02:25

Health: -1/29      AC:  5    Str: 14    XL:     3   Next: 14%
Magic:  3/3        EV: 11    Int: 13    God:    Xom [..*...]
Gold:   31         SH:  0    Dex: 12    Spells: 2/2 levels left

rFire   . . .      SeeInvis .   a - +0 falchion (chaos)
rCold   . . .      Faith    .   (no shield)
rNeg    . . .      Spirit   .   b - +2 leather armour
rPois   .          Reflect  .   (helmet restricted)
rElec   .          Harm     .   (no cloak)
rCorr   .          Rampage  .   (no gloves)
Will    .....                   (no boots)
Stlth   +.........              (no amulet)
HPRegen 0.09/turn               (no ring)
MPRegen 0.08/turn               (no ring)

@: no status effects
A: horns 1, powered by death 1
a: Renounce Religion


You were on level 2 of the Dungeon.
You worshipped Xom.
You were a toy of Xom.
You visited 1 branch of the dungeon, and saw 2 of its levels.

You collected 31 gold pieces.

Inventory:

Hand Weapons
 a - a +0 falchion of chaos (weapon)
Armour
 b - a +2 leather armour (worn)
Scrolls
 c - a scroll of blinking {unknown}
Potions
 d - a potion of flight {unknown}
 e - a potion of haste {unknown}
 f - 2 potions of curing {unknown}


   Skills:
 + Level 3.4 Fighting
 + Level 3.1 Long Blades
 - Level 1.7 Armour
 + Level 1.8 Dodging


You had 2 spell levels left.
You didn't know any spells.
Your spell library was empty.

Dungeon Overview and Level Annotations

Branches:
Dungeon (2/15)

Altars:


Innate Abilities, Weirdness & Mutations

You have a pair of small horns on your head.
You regenerate a little health from kills.


Message History

You climb downwards.
Found a ring mail.
There is a stone staircase leading up here.
You open the door.
An endoplasm comes into view.
Found a dagger.
An endoplasm is nearby!
An endoplasm is nearby!
The endoplasm quivers.
There is an open door here.
The endoplasm freezes you.
You are frozen.
You slash the endoplasm!
You kill the endoplasm!
No target in view!
No target in view!
HP restored.
A worm comes into view.
A worm is nearby!
A worm is nearby!
A worm is nearby!
The worm barely misses you.
You barely miss the worm. Your headbutt misses the worm. You slash the worm!
The worm seems to grow stronger.
The worm is heavily wounded.
The worm bites you but does no damage.
You hit the worm but do no damage. You headbutt the worm.
The worm is heavily wounded.
The worm bites you.
You barely miss the worm. You headbutt the worm.
The worm is severely wounded.
You barely miss the worm.
The worm is severely wounded.
The worm bites you!
You hit the worm but do no damage.
The worm resists with some effort.
You headbutt the worm.
The worm is almost dead.
The worm bites you!
You die... "This toy is broken."

##'## #.#
#.######
##......# ##
##...###.# ..
#####...).## #.
#..........#
#..###.#####.#.##
#..w@..# #.#...
##.##### #.####.#
.. #.# # ## #..
##


You could see a worm (strong).

Vanquished Creatures
  A dart slug (D:1)
  5 bats (D:1)
  5 endoplasms
  2 goblins (D:1)
  4 hobgoblins (D:1)
  2 quokkas (D:1)
  5 ball pythons (D:1)
  A frilled lizard (D:1)
  A kobold (D:1)
  2 rats (D:1)
28 creatures vanquished.

Notes
Turn   | Place    | Note
-------+----------+-------------------------------------------
     0 | D:1      | oldriver the Demonspawn Chaos Knight began the quest for
                  | the Orb.
     0 | D:1      | Reached XP level 1. HP: 18/18 MP: 1/1
    22 | D:1      | Reached skill level 1 in Dodging
    44 | D:1      | XOM: potion effect (curing)
   153 | D:1      | Gained mutation: You regenerate a little health from kills.
                  | [demonic ancestry]
   153 | D:1      | Reached XP level 2. HP: 24/24 MP: 2/2
   638 | D:1      | XOM: silly message
   690 | D:1      | Gained mutation: You have a pair of small horns on your
                  | head. [demonic ancestry]
   690 | D:1      | Reached XP level 3. HP: 29/29 MP: 3/3
  1023 | D:2      | Slain by a worm

Illustrated notes

Levels and vault maps discovered:
D:1:      minmay_arrival_three_doors, layout_rooms
D:2:      layout_loops_corners, kennysheep_big_empty_room,
          minmay_misc_feat_tower

Skill      XL: |  1  2 |
---------------+-------+-----
Dodging        | 1 |  1.8
Long Blades    | 3 |  3.1
Fighting       | |  3.4
Armour         | |  1.7

Action                   || total
-------------------------++-------
Melee: Falchion          ||    84
       Headbutt          ||     4
Armor: Leather armour    ||    43
Dodge: Dodged            ||    79

Table legend: (Time is in decaauts)
 A = Elapsed time spent in this place.
 B = Non-inter-level travel time spent in this place.
 C = Inter-level travel time spent in this place.
 D = Time resting spent in this place.
 E = Time spent auto-exploring this place.
 F = Levels seen in this place.
 G = Mean time per level.
                   A        B        C        D        E       F      G
               +--------+--------+--------+--------+--------+-----+--------+
         Total |   1034 |    993 |     41 |     98 |    640 |   2 |  517.0 |
       Dungeon |   1034 |    993 |     41 |     98 |    640 |   2 |  517.0 |
               +--------+--------+--------+--------+--------+-----+--------+

Top non-repeatable levels by time:
     D:1: 983 daAuts
     D:2: 51 daAuts
